Map: Habitation Station LE (Void)

Players

Jon

  • Race: Zerg Zerg
  • Spawn Location: 1:00

Fropez - Winner!

  • Race: Protoss Protoss
  • League: Gold
  • Spawn Location: 11:00

VOD

Have the link to the VOD?

Description

Time

  • Played on: Dec. 27, 2016, 12:54 p.m.
  • Length: 19:25
Show
View Real Time Build Order
Export as new Build Order

Jon Zerg 

Build Orders: Pool First 

Get SALT Encoding   

  12  0:01  Drone  
  13  0:13  Overlord  
  13  0:23  Drone  
  13  0:27  Overlord  
  14  0:40  Drone  
  15  0:44  Extractor  
  14  0:53  Spawning Pool, Drone  
  14  1:03  Drone x2  
  16  1:21  Evolution Chamber  
  15  1:29  Drone x2  
  17  1:39  Queen  
  17  1:41  Zergling x4  
  21  1:56  Extractor  
  20  2:03  Roach Warren  
  19  2:19  Hatchery  
  18  2:26  Drone x2  
  20  2:40  Lair  
  20  2:46  Drone  
  21  2:53  Drone  
  21  2:55  Drone  
  23  3:02  Drone  
  23  3:04  Drone  
  25  3:12  Drone  
  26  3:13  Drone  
  27  3:29  Baneling Nest  
  27  3:31  Roach  
  27  3:32  Roach  
  30  3:35  Drone  
  30  3:38  Drone  
  32  3:41  Drone  
  33  3:52  Queen  
  35  4:08  Baneling Nest  
  34  4:10  Evolution Chamber  
  34  4:11  Zerg Missile Weapons Level 1  
  34  4:15  Overlord  
  33  4:28  Drone x2, Hydralisk Den  
  34  4:33  Overlord  
  34  4:42  Drone x2  
  36  4:47  Drone  
  36  4:48  Drone  
  38  5:00  Drone x4  
  38  5:02  Drone  
  43  5:14  Infestation Pit  
  42  5:22  Drone  
  42  5:23  Drone x2  
  45  5:42  Hatchery  
  45  5:45  Glial Reconstitution  
  45  5:48  Muscular Augments  
  44  5:50  Zerg Ground Armor Level 1  
  44  5:59  Hatchery  
  43  6:15  Overlord x4  
  43  6:16  Overlord  
  43  6:24  Zerg Missile Weapons Level 2  
  43  6:31  Drone  
  44  6:41  Drone x4  
  44  6:42  Drone x2  
  44  6:46  Roach x3  
  56  6:47  Roach  
  56  6:52  Extractor  
  56  6:53  Extractor  
  56  7:10  Spire  
  56  7:11  Drone x2  
  56  7:13  Drone  
  58  7:33  Hydralisk x5  
  58  7:34  Hydralisk x3  
  74  7:50  Roach x3  
  66  8:00  Drone  
  66  8:01  Drone x2  
  67  8:34  Roach x2  
  67  8:35  Roach x6  
  67  8:36  Roach x3  
  67  8:37  Overlord  
  67  8:38  Overlord x2  
  67  8:40  Drone  
  67  8:41  Drone  
  91  8:42  Drone x3  
  94  8:53  Evolution Chamber, Hive  
  94  8:55  Zerg Ground Armor Level 2  
  95  9:03  Roach x3  
  95  9:05  Hydralisk  
  95  9:08  Drone  
  95  9:09  Drone  
  103  9:16  Zerg Flyer Weapons Level 1  
  103  9:25  Spire  
  102  9:41  Drone  
  102  9:43  Hydralisk x4  
  102  9:44  Hydralisk x2  
  102  9:45  Hydralisk  
  115  9:50  Extractor  
  115  9:51  Extractor  
  115  9:52  Drone x3  
  118  9:54  Queen  
  90  10:15  Hydralisk x4  
  90  10:16  Hydralisk x2  
  90  10:17  Hydralisk  
  100  10:26  Roach x3  
  100  10:27  Roach  
  106  10:32  Roach x2  
  106  10:34  Roach  
  98  10:52  Zerg Missile Weapons Level 3  
  98  10:58  Mutalisk  
  100  11:05  Drone x3  
  103  11:35  Roach x5  
  103  11:36  Roach x3  
  119  11:41  Overlord x4  
  117  12:27  Roach x4  
  117  12:28  Roach x2  
  129  12:43  Hatchery  
  128  12:49  Drone x3  
  131  13:02  Hydralisk x5  
  131  13:03  Hydralisk  
  143  13:06  Roach  
  143  13:07  Roach x3  
  151  13:20  Overlord  
  151  13:21  Overlord  
  151  13:23  Overlord  
  151  13:26  Drone  
  98  14:04  Roach x6  
  98  14:05  Roach x2  
  98  14:08  Hydralisk x4  
  118  14:19  Roach x3  
  118  14:20  Roach  
  126  14:28  Hydralisk x2  
  130  14:37  Drone x3  
  82  15:17  Hydralisk x2  
  82  15:18  Hydralisk x5  
  82  15:19  Hydralisk x5  
  106  15:21  Mutalisk x3  
  106  15:22  Mutalisk x2  
  112  15:39  Drone x2  
  112  15:41  Mutalisk x3  
  28  16:05  Hydralisk x2  
  28  16:06  Hydralisk  
  28  16:07  Hydralisk x4  
  40  16:25  Queen  
  36  16:27  Hydralisk x2  
  36  16:28  Hydralisk  
  35  17:26  Hatchery  
  34  17:43  Hydralisk x4  
  42  17:51  Extractor  
  42  17:54  Extractor  
  40  18:03  Zergling x2  
  40  18:04  Zergling x12  
  40  18:05  Zergling x2  
  48  18:07  Drone x2  
  50  18:50  Drone x2  
  50  18:51  Drone x3  
  55  18:59  Drone x2  
  57  19:11  Drone x2  
Show
View Real Time Build Order
Export as new Build Order

Fropez Protoss - Winner!

Build Orders: 1 Gate Expand 

Get SALT Encoding   

  12  0:01  Probe (Chrono Boost)  
  13  0:11  Probe (Chrono Boost)  
  14  0:17  Pylon  
  14  0:24  Probe (Chrono Boost)  
  15  0:36  Probe (Chrono Boost)  
  15  0:37  Gateway  
  16  0:46  Probe (Chrono Boost)  
  18  0:57  Probe (Chrono Boost)  
  18  0:59  Assimilator  
  18  1:07  Probe (Chrono Boost)  
  19  1:18  Probe (Chrono Boost)  
  20  1:25  Nexus  
  20  1:30  Probe (Chrono Boost)  
  21  1:33  Assimilator  
  21  1:43  Cybernetics Core  
  21  1:46  Probe (Chrono Boost)  
  22  1:58  Probe (Chrono Boost)  
  23  2:03  Pylon  
  23  2:10  Warp Gate  
  23  2:19  Pylon  
  24  2:27  Mothership Core (Chrono Boost)  
  25  2:34  Stalker  
  27  2:46  Gateway  
  27  2:47  Probe (Chrono Boost)  
  28  2:55  Gateway  
  29  2:59  Probe (Chrono Boost)  
  29  3:02  Gateway  
  29  3:11  Probe (Chrono Boost)  
  30  3:20  Probe (Chrono Boost)  
  30  3:23  Probe (Chrono Boost)  
  32  3:29  Stalker  
  32  3:31  Probe (Chrono Boost)  
  32  3:32  Stalker  
  37  3:37  Probe (Chrono Boost)  
  37  3:40  Assimilator  
  38  3:44  Probe (Chrono Boost)  
  43  3:58  Probe x2 (Chrono Boost)  
  41  4:21  Pylon  
  41  4:28  Adept x4  
  41  4:30  Forge  
  41  4:31  Twilight Council  
  49  4:35  Probe (Chrono Boost)  
  49  4:36  Probe (Chrono Boost)  
  51  4:42  Gateway  
  51  4:45  Probe (Chrono Boost)  
  52  4:48  Probe (Chrono Boost)  
  53  4:55  Assimilator  
  53  4:56  Probe (Chrono Boost)  
  53  4:58  Protoss Ground Weapons Level 1  
  54  5:03  Resonating Glaives  
  54  5:04  Probe (Chrono Boost)  
  54  5:06  Probe (Chrono Boost)  
  56  5:10  Pylon  
  56  5:12  Photon Cannon  
  56  5:16  Photon Cannon  
  56  5:17  Probe (Chrono Boost)  
  56  5:18  Probe (Chrono Boost)  
  58  5:24  Stalker  
  58  5:25  Stalker  
  62  5:30  Stalker  
  64  5:40  Probe x2 (Chrono Boost)  
  66  5:49  Adept x2  
  70  6:00  Gateway  
  70  6:02  Photon Cannon  
  70  6:05  Photon Cannon  
  70  6:14  Pylon  
  70  6:16  Pylon  
  70  6:24  Pylon  
  70  6:31  Blink  
  72  6:34  Probe x2 (Chrono Boost), Protoss Ground Weapons Level 2  
  72  6:40  Nexus  
  72  6:41  Templar Archives  
  72  6:46  Probe (Chrono Boost)  
  74  7:02  Probe (Chrono Boost)  
  74  7:04  Probe (Chrono Boost)  
  74  7:06  Adept x2  
  74  7:07  Adept x3  
  85  7:19  Pylon  
  85  7:21  Pylon  
  85  7:25  Pylon  
  85  7:30  Adept x3  
  85  7:31  Adept  
  87  7:56  Probe (Chrono Boost)  
  87  7:57  Probe (Chrono Boost)  
  87  7:59  Sentry x2  
  87  8:00  Sentry x4  
  99  8:09  Probe (Chrono Boost)  
  95  8:26  High Templar x5  
  95  8:27  High Templar  
  107  8:30  Archon x3  
  109  8:34  Probe x2 (Chrono Boost)  
  109  8:40  Photon Cannon  
  109  8:43  Photon Cannon  
  109  8:46  Probe (Chrono Boost)  
  109  8:47  Probe (Chrono Boost)  
  111  8:48  Photon Cannon  
  111  8:52  Photon Cannon  
  111  8:55  Photon Cannon  
  111  8:58  Probe (Chrono Boost)  
  111  8:59  Probe (Chrono Boost), Photon Cannon  
  111  9:01  Stalker x4  
  123  9:11  Probe x2 (Chrono Boost)  
  123  9:14  Assimilator  
  123  9:17  Assimilator  
  123  9:18  Pylon  
  123  9:23  Protoss Ground Weapons Level 3, Probe x2 (Chrono Boost)  
  125  9:35  Probe x2 (Chrono Boost)  
  127  9:41  Pylon  
  127  9:43  Pylon  
  127  9:46  Stalker x2  
  127  9:47  Pylon, Stalker x2  
  119  10:17  Pylon  
  119  10:19  Stalker x3  
  119  10:20  Stalker x2  
  121  10:26  Pylon  
  97  10:44  High Templar  
  97  10:45  High Templar  
  101  10:52  Adept x3  
  107  11:02  Probe x2 (Chrono Boost)  
  109  11:13  Gateway  
  109  11:15  Gateway  
  109  11:16  Gateway  
  109  11:20  Gateway  
  109  11:21  Nexus  
  109  11:22  Gateway  
  109  11:23  Psionic Storm  
  109  11:26  Probe (Chrono Boost), Gateway  
  109  11:27  Probe x2 (Chrono Boost), Charge  
  109  11:30  Pylon  
  109  11:31  Pylon, Archon  
  111  11:43  Zealot  
  111  11:45  Protoss Shields Level 1  
  111  11:46  Zealot  
  111  11:47  Zealot x3  
  117  11:52  Probe (Chrono Boost)  
  117  11:53  Probe (Chrono Boost)  
  121  12:19  High Templar  
  121  12:20  High Templar x4  
  123  12:23  Archon  
  123  12:24  Archon  
  123  12:35  Photon Cannon  
  122  12:38  Photon Cannon  
  122  12:49  Assimilator, Photon Cannon  
  122  12:50  Pylon  
  122  12:52  Pylon  
  122  12:55  Assimilator  
  122  12:57  Photon Cannon  
  122  12:59  Photon Cannon  
  122  13:01  Photon Cannon  
  122  13:03  Gateway  
  122  13:04  Photon Cannon  
  122  13:05  Stalker  
  122  13:06  Photon Cannon, Stalker x3  
  122  13:10  Photon Cannon  
  130  13:12  Zealot  
  130  13:13  Zealot x3  
  100  14:02  Zealot x4  
  90  14:03  Zealot x5  
  90  14:04  Zealot x2  
  98  14:23  High Templar x3  
  104  14:24  High Templar x4  
  104  14:25  High Templar x3  
  104  14:27  Archon  
  104  14:28  Archon x3  
  104  14:29  Archon  
  94  15:04  Zealot x5  
  94  15:05  Zealot x6  
  116  15:40  Zealot x3  
  116  15:41  Zealot x4  
  116  15:42  Zealot x4  
  100  16:04  High Templar x3  
  100  16:05  High Templar x3  
  100  16:06  Zealot x2  
  100  16:07  Zealot x3  
  114  16:19  Nexus  
  114  16:22  Assimilator  
  112  16:26  Assimilator  
  112  16:30  Pylon  
  112  16:32  Stalker x3  
  116  16:33  Pylon, Stalker x2  
  116  16:37  Pylon  
  122  16:44  Archon  
  122  16:45  Archon x2  
  122  16:51  Protoss Shields Level 2  
  110  17:27  Photon Cannon  
  110  17:29  Photon Cannon  
  110  17:34  Probe (Chrono Boost), Photon Cannon  
  110  17:35  Probe (Chrono Boost)  
  110  17:36  Probe x2 (Chrono Boost)  
  114  17:51  High Templar x2  
  114  17:52  High Templar x4  
  114  17:53  Zealot  
  114  17:54  Zealot x5  
  114  17:55  Archon  
  114  17:56  Archon x2  
  138  18:07  Gateway  
  138  18:10  Gateway  
  138  18:13  Gateway  
  138  18:15  Gateway  
  138  18:17  Gateway  
  138  18:21  Gateway  
  138  18:22  Gateway  
  138  18:30  Stalker x2  
  141  18:49  Stalker x4  
  141  18:50  Stalker x3  
  141  18:54  Nexus  
  155  19:11  Stalker x4  
  155  19:12  Stalker  
Tags
 
Add a new tag
Caveats
  • Supply blocks, unpowered buildings, or Contaminate may cause inaccurate times.
  • Supply counts are checked every 10 seconds.